 Dungeon Crawl Stone Soup version 0.23.1-42-g8abd8fc (webtiles) character file.

Game seed: 15760721051729585417

1496 sagitran the Covered (level 9, -1/64 HPs)
             Began as a Human Wanderer on Mar 30, 2019.
             Was a Follower of Nemelex Xobeh.
             Slain by an orc warrior
             ... wielding a +0 mace
              (9 damage)
             ... on level 7 of the Dungeon on Mar 31, 2019.
             The game lasted 00:55:58 (6057 turns).

sagitran the Covered (Human Wanderer)               Turns: 6057, Time: 00:55:59

Health: -1/64      AC: 15    Str: 18    XL:     9   Next: 8%
Magic:  6/15       EV: 12    Int: 13    God:    Nemelex Xobeh [*.....]
Gold:   293        SH:  0    Dex: 15    Spells: 9/16 levels left

rFire    . . .     SeeInvis .   m - +1 dagger (speed)
rCold    + . .     Gourm    .   (no shield)
rNeg     . . .     Faith    .   c - +0 ring mail
rPois    .         Spirit   .   u - +2 helmet
rElec    .         Reflect  .   (no cloak)
rCorr    .         Harm     .   (no gloves)
MR       .....                  k - +1 pair of boots
Stlth    +.........             (no amulet)
HPRegen  0.20/turn              t - +4 ring of protection
MPRegen  0.14/turn              A - ring of protection from cold

@: mighty, very slightly contaminated
A: no striking features
a: Draw Escape, Draw Destruction, Draw Summoning, Renounce Religion


You were on level 7 of the Dungeon.
You worshipped Nemelex Xobeh.
Nemelex Xobeh was aware of your devotion.
You were not hungry.

You visited 2 branches of the dungeon, and saw 9 of its levels.
You also visited: Ossuary.

You collected 293 gold pieces.

Inventory:

Hand Weapons
 a - a +2 hand crossbow
 m - a +1 dagger of speed (weapon)
 J - a +4 trident
 O - a +3 quarterstaff of chaos
Missiles
 b - 10 bolts
 g - 17 poisoned needles
 H - 15 tomahawks (quivered)
Armour
 c - a +0 ring mail (worn)
 k - a +1 pair of boots (worn)
 u - a +2 helmet (worn)
 I - a +1 leather armour of magic resistance
 P - a +0 cloak
Jewellery
 p - an uncursed ring of wizardry
 t - a +4 ring of protection (left hand)
 v - an uncursed amulet of faith
 y - an uncursed amulet of guardian spirit
 A - a ring of protection from cold (right hand)
 E - a +2 ring of dexterity {unknown}
Wands
 r - a wand of iceblast (8)
 w - a wand of flame (1)
 x - a wand of acid (11)
 F - a wand of paralysis (1)
Scrolls
 h - 5 scrolls of remove curse
 l - a scroll of enchant weapon
 n - a scroll of magic mapping {unknown}
 B - a scroll of fog {unknown}
 C - 2 scrolls of enchant armour
 L - a scroll of holy word {unknown}
Potions
 d - 2 potions of heal wounds {unknown}
 e - 2 potions of berserk rage {unknown}
 i - 5 potions of brilliance {unknown}
 j - a potion of agility {unknown}
 q - 3 potions of might
 s - a potion of magic {unknown}
 z - 2 potions of lignification {unknown}
 D - 2 potions of flight {unknown}
 G - 2 potions of cancellation {unknown}
 K - a potion of mutation {unknown}
 M - 2 potions of curing
 N - a potion of degeneration {unknown}
Comestibles
 f - 4 rations


   Skills:
 + Level 3.4 Fighting
 + Level 4.2 Short Blades
 + Level 4.0 Crossbows
 + Level 4.5 Armour
 + Level 2.2 Dodging
 + Level 0.9 Stealth
 + Level 4.0 Spellcasting
 + Level 3.0 Conjurations
 + Level 4.0 Air Magic
 + Level 2.7 Evocations


You had 9 spell levels left.
You knew the following spells:

 Your Spells              Type           Power        Failure   Level  Hunger
a - Shock                 Conj/Air       ##..         9%          1    None
b - Static Discharge      Conj/Air       ##......     24%         3    ###....
c - Dazzling Spray        Conj/Hex       #.....       50%         3    ###....

Your spell library contained the following spells:

 Spells                   Type           Power        Failure   Level  Hunger
 Magic Dart               Conj           ##..         10%         1    None
 Searing Ray              Conj           ##....       16%         2    ##.....
 Iskenderun's Mystic Bla  Conj           ##......     69%         4    ####...
 Force Lance              Conj/Tloc      #.......     88%         4    ####...
 Fulminant Prism          Conj/Hex       #.........   88%         4    ####...


Dungeon Overview and Level Annotations

Branches:
Dungeon (8/15)             Temple (1/1) D:4
   Lair: D:8-11

Altars:
Dithmenos
Elyvilon
Fedhas
Gozag
Hepliaklqana
Kikubaaqudgha
Makhleb
Nemelex Xobeh
Okawaru
Sif Muna
Trog
Uskayaw
Vehumet
Xom
Yredelemnul
Zin
The Shining One

Annotations:
D:3 1 runed translucent door, exclusion: player ghost, totalnoob's ghost, novice OpEE


Message History

You feel very mighty all of a sudden.
You barely miss the orc. You puncture the orc!
You kill the orc!
You puncture the orc!
You kill the orc!
You hit the orc warrior.
The orc warrior is moderately wounded.
You barely miss the orc warrior.
The orc warrior is moderately wounded.
The orc warrior completely misses you.
You draw a card...
You have drawn the Orb.
Press: ? - help, Shift-Dir - straight line, f - centaur
Aim: a centaur, wielding a +0 shortbow The wavering orb of destruction weakly hits the orc warrior!
The orc warrior is severely wounded.
The orc warrior hits you with a +0 mace!
You die...
Your body glows slightly and disappears.

### #.# #.#########
#.........# #.#######.#
#######.# #.# #.....#.#
#.# #.###.#.#######.#
#####.#.#@........#.#
#.(c...(#oc.......#.#
#.###.#...........#.#
#.# #.#.#.#.#######.#
#.# #ยง###.#.# #.#
##.###o#.o.#.#######.#
.......o...........).>#
###.###.#...#.#########
..# #.#...#.#


You could see an orc warrior, a centaur and an orc priest.

Vanquished Creatures
  Eustachio (D:5)
  Edmund (D:5)
  An orc warrior (D:5)
  A big kobold (D:7)
  A bullfrog (D:5)
  A water moccasin zombie (D:7)
  A scorpion (D:4)
  A crimson imp (D:6)
  A bullfrog skeleton (D:4)
  A jelly (D:7)
  2 orc priests
  A hound (D:5)
  8 orc wizards
  Crazy Yiuf (D:5)
  Ijyb (D:3)
  2 worker ants (D:4)
  3 big kobold zombies (Ossuary)
  2 mummies (Ossuary)
  2 howler monkey skeletons
  6 adders
  2 shadow imps (D:5)
  2 oozes
  7 adder zombies (Ossuary)
  5 worms
  4 dart slugs
  A leopard gecko (D:2)
  33 orcs
  5 bats
  6 giant cockroaches
  5 gnoll zombies (Ossuary)
  8 goblins
  9 hobgoblins
  14 jackals
  3 quokkas
  A ball python (D:4)
  5 frilled lizards
  3 hobgoblin zombies (Ossuary)
  9 kobolds
  A kobold zombie (Ossuary)
  3 orc zombies (Ossuary)
  A quokka zombie (D:5)
  8 rats
173 creatures vanquished.

Notes
Turn   | Place    | Note
-------+----------+-------------------------------------------
     0 | D:1      | sagitran the Human Wanderer began the quest for the Orb.
     0 | D:1      | sagitran set off with the following items: a +2 hand
                  | crossbow, 25 bolts, a +0 ring mail, a ration; and the
                  | following spell memorised: Shock; and the following spells
                  | available to memorise: Static Discharge
     0 | D:1      | Reached XP level 1. HP: 16/16 MP: 3/3
    59 | D:1      | Reached XP level 2. HP: 8/22 MP: 3/5
   318 | D:1      | Reached XP level 3. HP: 25/27 MP: 4/6
   405 | D:1      | Reached skill level 1 in Conjurations
   665 | D:2      | Reached XP level 4. HP: 15/33 MP: 0/7
   876 | D:2      | Learned a level 3 spell: Static Discharge
  1226 | D:2      | Reached XP level 5. HP: 27/38 MP: 6/9
  1229 | D:2      | Found a shadowy altar of Dithmenos.
  1684 | D:3      | Found a radiant altar of Vehumet.
  1718 | D:3      | Found a runed translucent door.
  1728 | D:3      | Noticed totalnoob's ghost (novice OpEE)
  1786 | D:3      | Reached skill level 1 in Short Blades
  1855 | D:3      | Reached skill level 1 in Armour
  2006 | D:3      | Noticed Ijyb
  2007 | D:3      | Killed Ijyb
  2429 | D:3      | Found a blossoming altar of Fedhas.
  2626 | D:3      | Reached XP level 6. HP: 28/44 MP: 2/10
  2996 | D:4      | Reached skill level 1 in Dodging
  3160 | D:4      | Reached XP level 7. HP: 51/51 MP: 8/11
  3197 | D:4      | Found a hazy altar of Hepliaklqana.
  3456 | D:4      | Found a staircase to the Ecumenical Temple.
  3487 | Temple   | Entered the Ecumenical Temple
  3577 | Temple   | Became a worshipper of Nemelex Xobeh the Trickster
  3643 | D:4      | Received a gift from Nemelex Xobeh
  3790 | D:4      | Found a glowing golden altar of the Shining One.
  3955 | D:5      | Entered Level 5 of the Dungeon
  4075 | D:5      | Found a shimmering altar of Xom.
  4180 | D:5      | Noticed Eustachio
  4184 | D:5      | Reached XP level 8. HP: 17/57 MP: 10/13
  4195 | D:5      | Killed Eustachio
  4287 | D:5      | Received a gift from Nemelex Xobeh
  4288 | D:5      | Noticed Edmund
  4306 | D:5      | Killed Edmund
  4432 | D:5      | Reached * piety under Nemelex Xobeh
  4457 | D:5      | Found a sand-covered staircase.
  4464 | Ossuary  | Entered an ossuary
  4689 | Ossuary  | Learned a level 3 spell: Dazzling Spray
  5337 | D:5      | Found a runed translucent door.
  5338 | D:5      | Noticed Crazy Yiuf
  5352 | D:5      | Killed Crazy Yiuf
  5801 | D:6      | Noticed a +0 dagger
  5801 | D:6      | Noticed a +0 hand axe
  5803 | D:6      | Found a hide-covered altar of Uskayaw.
  5872 | D:6      | You fall through a shaft for 2 floors!
  5873 | D:8      | Noticed a yak
  5874 | D:8      | Noticed a dream sheep
  5934 | D:7      | Reached XP level 9. HP: 60/64 MP: 2/15
  6057 | D:7      | Slain by an orc warrior

Skill      XL: |  1  2  3  4  5  6  7  8  9 |
---------------+----------------------------+-----
Conjurations   | 1 2 3 |  3.0
Spellcasting   | 3 4 |  4.0
Short Blades   | 1 2 3 4 |  4.2
Armour         | 1 2 3 4 |  4.5
Air Magic      | 2 3 4 |  4.0
Dodging        | 1 2 |  2.2
Crossbows      | 4 |  4.0
Fighting       | 3 |  3.4
Stealth        | |  0.9
Evocations     | |  2.7

Action                   |  1- 3 |  4- 6 |  7- 9 || total
-------------------------+-------+-------+-------++-------
Melee: Hand crossbow     |     2 |       |       ||     2
       Dagger            |    39 |   221 |   553 ||   813
 Fire: Hand crossbow     |    42 |    32 |    13 ||    87
 Cast: Shock             |    28 |    64 |    34 ||   126
       Static Discharge  |       |     3 |    21 ||    24
       Dazzling Spray    |       |       |     2 ||     2
 Abil: Draw Destruction  |       |       |     1 ||     1
Evoke: Wand              |       |     1 |    19 ||    20
  Use: Scroll            |     1 |     4 |     5 ||    10
       Potion            |       |       |     4 ||     4
 Stab: Paralysed         |       |       |     3 ||     3
       Invisible         |       |       |     2 ||     2
  Eat: Ration            |       |     3 |     4 ||     7
       Chunk             |       |       |     1 ||     1
Armor: Ring mail         |    42 |   134 |   222 ||   398
Dodge: Dodged            |    50 |   146 |   250 ||   446
